 Dungeon Crawl Stone Soup version 0.30-a0-847-g17996783a1 (webtiles) character file.

Game seed: 3620887633483674461

28 holysushi the Cutter (level 2, 0/24 HPs)
             Began as a Demonspawn Monk on Mar 3, 2023.
             Killed from afar by Sigmund (5 damage)
             ... with a magic dart
             ... on level 2 of the Dungeon.
             The game lasted 00:00:48 (1293 turns).

holysushi the Cutter (Demonspawn Monk)              Turns: 1293, Time: 00:00:49

Health: 0/24       AC:  3    Str: 11    XL:     2   Next: 96%
Magic:  2/2        EV: 12    Int: 11    God:
Gold:   86         SH:  0    Dex: 15    Spells: 1/1 levels left

rFire   . . .      SeeInvis .    p - +1 short sword (elec)
rCold   . . .      Faith    .    (no shield)
rNeg    . . .      Spirit   .    b - +0 robe
rPois   .          Reflect  .    (no helmet)
rElec   .          Rampage  .    (no cloak)
rCorr   .                        (no gloves)
Will    .....                    (no boots)
Stlth   +                        (no amulet)
HPRegen 0.24/turn                (no ring)
MPRegen 0.08/turn                (no ring)

@: confused
A: sharp scales 1
a: no special abilities


You were on level 2 of the Dungeon.
You visited 1 branch of the dungeon, and saw 2 of its levels.

You collected 86 gold pieces.

Inventory:

Hand Weapons
 a - a +0 short sword
 p - a +1 short sword of electrocution (weapon)
Armour
 b - a +0 robe (worn)
Wands
 m - a wand of roots (3)
Scrolls
 d - a scroll of poison {unknown}
 e - 3 scrolls of identify {unknown}
 g - a scroll of enchant armour {unknown}
 i - a scroll of fog {unknown}
 k - 2 scrolls of magic mapping {unknown}
 n - 2 scrolls of teleportation {unknown}
 o - a scroll of butterflies {unknown}
Potions
 f - 3 potions of curing {unknown}
 h - a potion of mutation {unknown}
 j - a potion of flight {unknown}
 l - a potion of lignification {unknown}


   Skills:
 - Level 3.0 Fighting
 + Level 3.8 Short Blades
 - Level 2.6 Dodging
 - Level 1.7 Stealth


You had one spell level left.
You didn't know any spells.
Your spell library was empty.

Dungeon Overview and Level Annotations

Branches:
Dungeon (2/15) Zot: 10720

Altars:

Annotations:
D:2 Sigmund


Innate Abilities, Weirdness & Mutations

You are partially covered in razor-sharp scales. (AC +1, Slay +1)


Message History

Something hits you.
You miss something. You hit something. Something hits you!
You hit something. You hit something. Something completely misses you.
You hit something. You hit something. Something hits you!
* * * LOW HITPOINT WARNING * * *
You closely miss something. You hit something. Something barely misses you.
You barely miss something. You punch something.
You are confused.
You feel invigorated. Something hits you.
* * * LOW HITPOINT WARNING * * *
You bump into the rock wall.
Something hits you.
* * * LOW HITPOINT WARNING * * *
You barely miss something.
You bump into the rock wall.
Something hits you but does no damage.
You bump into the rock wall.
Something hits you.
You bump into the rock wall.
You bump into the rock wall.
Something hits you.
You hit something. Something hits you but does no damage.
You miss something.
You feel less invigorated.
You feel less confused.
You barely miss something. Something hits you.
You hit something. You barely miss something.
You hear some strange, mumbled words.
You are confused.
You bump into the rock wall.
Something hits you!
You bump into the rock wall.
You barely miss something. Something hits you.
You bump into the rock wall.
Something hits you.
* * * LOW HITPOINT WARNING * * *
You bump into the rock wall.
You're too confused to move!
You hear some strange, mumbled words.
A magic dart appears from out of thin air!
The magic dart hits you.
You die...

.............#.#
########.#####.#.#
###### #)# #.#.#
...... #.# #.#.#
#####. #.# #.#.# #
#.# #.#.# #
#.#####.#.# #
#.....#.#{# #
#####.#.#@#
#.#.#.# #.#.#.#
#.#.#.#
#.######.#.#.#
.........#.#.#
#..........#.#
############.# #.#


There were no monsters in sight!

Vanquished Creatures
  2 endoplasms
  3 giant cockroaches
  A goblin (D:1)
  5 hobgoblins
  2 quokkas (D:1)
  3 ball pythons
  A frilled lizard (D:2)
  5 kobolds
  3 rats
25 creatures vanquished.

Vanquished Creatures (others)
  A plant (D:1)
1 creature vanquished.

Grand Total: 26 creatures vanquished

Notes
Turn   | Place    | Note
-------+----------+-------------------------------------------
     0 | D:1      | holysushi the Demonspawn Monk began the quest for the Orb.
     0 | D:1      | Reached XP level 1. HP: 18/18 MP: 1/1
    69 | D:1      | Found a faded altar of an unknown god.
   124 | D:1      | Gained mutation: You are partially covered in razor-sharp
                  | scales. (AC +1, Slay +1) [demonic ancestry]
   124 | D:1      | Reached XP level 2. HP: 11/24 MP: 2/2
  1262 | D:2      | Noticed Sigmund
  1293 | D:2      | Killed from afar by Sigmund

Illustrated notes

Levels and vault maps discovered:
D:1:      lemuel_arrival_muddy, layout_rooms, basic_ecumenical_altar,
          chequers_serial_rivers_micro_d
D:2:      layout_basic, uniq_sigmund

Skill      XL: |  1 |
---------------+----+-----
Short Blades   | 3 |  3.8
Fighting       | |  3.0
Dodging        | |  2.6
Stealth        | |  1.7

Action                     || total
---------------------------++-------
  Melee: Short sword       ||    81
         Punch             ||     3
    Use: Potion            ||     1
   Stab: Sleeping          ||     2
 Armour: Robe              ||    13
  Dodge: Dodged            ||    32

Table legend: (Time is in decaauts)
 A = Elapsed time spent in this place.
 B = Non-inter-level travel time spent in this place.
 C = Inter-level travel time spent in this place.
 D = Time resting spent in this place.
 E = Time spent auto-exploring this place.
 F = Levels seen in this place.
 G = Mean time per level.
                   A        B        C        D        E       F      G
               +--------+--------+--------+--------+--------+-----+--------+
         Total |   1278 |   1247 |     31 |     53 |    978 |   2 |  639.0 |
       Dungeon |   1278 |   1247 |     31 |     53 |    978 |   2 |  639.0 |
               +--------+--------+--------+--------+--------+-----+--------+

Top non-repeatable levels by time:
     D:2: 747 daAuts
     D:1: 530 daAuts
